 Dungeon Crawl Stone Soup version 0.29-a0-234-g0dae59b3db (webtiles) character file.

Game seed: 644356403849341901

51 siradein the Grave Robber (level 3, 0/19 HPs)
             Began as a Deep Elf Necromancer on Mar 3, 2022.
             Slain by a gnoll
             ... wielding a +0 club
              (9 damage)
             ... on level 2 of the Dungeon.
             The game lasted 00:02:57 (1630 turns).

siradein the Grave Robber (Deep Elf Necromancer)    Turns: 1630, Time: 00:02:58

Health: 0/19       AC:  3    Str:  5    XL:     3   Next: 57%
Magic:  6/10       EV: 11    Int: 21    God:
Gold:   19         SH:  0    Dex: 15    Spells: 9/10 levels left

rFire   . . .      SeeInvis .   (no weapon)
rCold   . . .      Faith    .   (no shield)
rNeg    . . .      Spirit   .   c - +0 leather armour
rPois   .          Reflect  .   (no helmet)
rElec   .          Harm     .   (no cloak)
rCorr   .          Rampage  .   (no gloves)
Will    .....                   (no boots)
Stlth   ++........              (no amulet)
HPRegen 0.06/turn               b - ring of wizardry
MPRegen 0.12/turn               (no ring)

@: no status effects
A: no striking features
a: no special abilities


You were on level 2 of the Dungeon.
You visited 1 branch of the dungeon, and saw 2 of its levels.

You collected 19 gold pieces.

Inventory:

Armour
 c - a +0 leather armour (worn)
Jewellery
 b - a ring of wizardry (left hand)
Scrolls
 a - a scroll of vulnerability {unknown}
 d - a scroll of blinking {unknown}
 e - a scroll of amnesia {unknown}
Potions
 f - a potion of curing {unknown}


   Skills:
 - Level 2.4 Dodging
 - Level 2.4 Stealth
 + Level 4.2 Spellcasting
 * Level 5.8 Necromancy


You had 9 spell levels left.
You knew the following spells:

 Your Spells              Type           Power      Damage    Failure   Level
a - Pain                  Necr           100%       1d9       1%          1

Your spell library contained the following spells:

 Spells                   Type           Power      Damage    Failure   Level
 Animate Skeleton         Necr           58%        N/A       1%          1
 Vampiric Draining        Necr           29%        2d8       2%          3
 Animate Dead             Necr           14%        N/A       8%          4
 Agony                    Necr           29%        N/A       21%         5


Dungeon Overview and Level Annotations

Branches:
Dungeon (2/15)

Altars:


Message History

HP restored.
A dart slug comes into view.
The dart slug launches a dart at you. The slug dart misses you.
A dart slug is nearby!
A dart slug is nearby!
A dart slug is nearby!
The dart slug writhes in agony.
The dart slug writhes in agony!
You kill the dart slug!
You see here a dart slug corpse. 3 gnolls come into view.
There are monsters nearby!
There are monsters nearby!
There are monsters nearby!
The gnoll shouts!
The gnoll writhes in agony.
You hear a shout!
A gnoll comes into view. It is wielding a +0 spear.
The gnoll shouts!
The gnoll writhes in agony.
The gnoll writhes in agony!
You kill the gnoll!
The gnoll writhes in agony.
The gnoll writhes in agony.
The gnoll hits you from afar with a +0 spear.
The gnoll writhes in agony.
The gnoll barely misses you.
The gnoll writhes in agony!
You kill the gnoll!
You see here a dart slug corpse.
An adder comes into view.
There is a stone staircase leading up here.
Casting: Pain (safe; 1% risk of failure)
Confirm with . or Enter, or press ? or * to list all spells.
Aiming: Pain (safe; 1% risk of failure)
Press: ? - help, Shift-Dir - straight line, f - gnoll
Aim: a gnoll, wielding a +0 club (chance to affect: 88%)
The gnoll writhes in agony.
The gnoll hits you with a +0 club!
You die...

###### #....#
#....########
#....†......####
#...........gg@##
#....................S
#....####.######..###.
#...†# #..# #.#
#....#####.# .#
#......# #.# .
######.# #.# . #g###.#
.. #..##.#


You could see 2 gnolls and an adder (asleep).

Vanquished Creatures
  2 gnolls (D:2)
  A dart slug (D:2)
  3 ball pythons
  2 bats (D:1)
  An endoplasm (D:1)
  3 giant cockroaches (D:1)
  2 hobgoblins (D:1)
  4 quokkas (D:1)
  2 frilled lizards (D:1)
  3 goblins (D:1)
  A kobold (D:1)
  5 rats (D:1)
29 creatures vanquished.

Notes
Turn   | Place    | Note
-------+----------+-------------------------------------------
     0 | D:1      | siradein the Deep Elf Necromancer began the quest for the
                  | Orb.
     0 | D:1      | Reached XP level 1. HP: 10/10 MP: 6/6
   157 | D:1      | Reached skill level 5 in Necromancy
   191 | D:1      | Reached XP level 2. HP: 2/15 MP: 0/8
   875 | D:1      | Found a faded altar of an unknown god.
  1506 | D:2      | Reached XP level 3. HP: 16/19 MP: 7/10
  1630 | D:2      | Slain by a gnoll

Illustrated notes

Levels and vault maps discovered:
D:1:      dpeg_arrival_tiny_a, layout_loops_ring, basic_ecumenical_altar,
          minivault_19, hex_large
D:2:      layout_rooms, minmay_tetromino_l4, uniq_sigmund

Skill      XL: |  1  2 |
---------------+-------+-----
Necromancy     | 5 |  5.8
Spellcasting   | 4 |  4.2
Dodging        | |  2.4
Stealth        | |  2.4

Action                   || total
-------------------------++-------
 Cast: Pain              ||    54
Armor: Leather armour    ||     2
Dodge: Dodged            ||     5

Table legend: (Time is in decaauts)
 A = Elapsed time spent in this place.
 B = Non-inter-level travel time spent in this place.
 C = Inter-level travel time spent in this place.
 D = Time resting spent in this place.
 E = Time spent auto-exploring this place.
 F = Levels seen in this place.
 G = Mean time per level.
                   A        B        C        D        E       F      G
               +--------+--------+--------+--------+--------+-----+--------+
         Total |   1629 |   1598 |     31 |     69 |   1343 |   2 |  814.5 |
       Dungeon |   1629 |   1598 |     31 |     69 |   1343 |   2 |  814.5 |
               +--------+--------+--------+--------+--------+-----+--------+

Top non-repeatable levels by time:
     D:1: 1487 daAuts
     D:2: 141 daAuts
